 Dungeon Crawl Stone Soup version 0.29.1-2-gbd0b4ee654 (webtiles) character file.

Game seed: 9397736603709311211

3 Ivernyr the Vexing (level 1, -1/9 HPs)
             Began as a Spriggan Arcane Marksman on Nov 17, 2022.
             Hit by a boomerang thrown by a hobgoblin (4 damage)
             ... on level 1 of the Dungeon.
             The game lasted 00:00:39 (65 turns).

Ivernyr the Vexing (Spriggan Arcane Marksman)         Turns: 65, Time: 00:00:40

Health: -1/9       AC:  2    Str:  6    XL:     1   Next: 41%
Magic:  2/3        EV: 17    Int: 14    God:
Gold:   27         SH:  0    Dex: 15    Spells: 1/2 levels left

rFire   . . .      SeeInvis +   (weapon restricted)
rCold   . . .      Faith    .   (no shield)
rNeg    . . .      Spirit   .   c - +0 robe
rPois   .          Reflect  .   (helmet restricted)
rElec   .          Harm     .   (no cloak)
rCorr   .          Rampage  .   (gloves unavailable)
Will    .....                   (boots unavailable)
Stlth   +.........              (no amulet)
HPRegen 0.03/turn               (no ring)
MPRegen 0.08/turn               (no ring)

@: very quick
A: very small, no large weapons, unfitting armour, see invisible, speed 3
a: no special abilities


You were on level 1 of the Dungeon.
You visited 1 branch of the dungeon, and saw 1 of its levels.

You collected 27 gold pieces.

Inventory:

Hand Weapons
 a - a +1 sling
Armour
 c - a +0 robe (worn)
Scrolls
 b - a scroll of poison
Potions
 d - a potion of brilliance {unknown}


   Skills:
 - Level 0.7 Fighting
 * Level 2.1 Ranged Weapons
 + Level 2.8 Dodging
 + Level 1.4 Spellcasting
 + Level 3.7 Hexes


You had one spell level left.
You knew the following spells:

 Your Spells              Type           Power      Damage    Failure   Level
a - Slow                  Hex            44%        N/A       5%          1

Your spell library contained the following spells:

 Spells                   Type           Power      Damage    Failure   Level
 Inner Flame              Hex/Fire       6%         N/A       34%         3
 Portal Projectile        Hex/Tloc       12%        N/A       34%         3
 Cause Fear               Hex            5%         N/A       50%         4


Dungeon Overview and Level Annotations

Branches:
Dungeon (1/15)

Altars:


Innate Abilities, Weirdness & Mutations

You are very small and have problems with some larger weapons.
You are too small for most types of armour.
You have supernaturally acute eyesight. (SInv)
You cover ground extremely quickly. (Speed+++)


Message History

You kill the hobgoblin!
No target in view!
Found 10 gold pieces.
Found 7 stones.
A ball python comes into view.
You shoot a sling bullet. The ball python hisses angrily.
The sling bullet hits the ball python.
The ball python is moderately wounded.
The ball python completely misses you. The ball python barely misses you.
You shoot a sling bullet. The sling bullet hits the ball python.
You kill the ball python!
No target in view!
Found a stone staircase leading down.
You now have 27 gold pieces (gained 10).
You see here 7 stones.
A rat and an endoplasm come into view.
You shoot a sling bullet. The sling bullet hits the rat.
You kill the rat!
The endoplasm quivers.
You shoot a sling bullet.
The sling bullet barely misses the endoplasm.
You hear a shout!
You shoot a sling bullet. The sling bullet hits the endoplasm.
The endoplasm is heavily wounded.
A hobgoblin comes into view.
You shoot a sling bullet. The sling bullet hits the endoplasm.
The endoplasm is almost dead.
The endoplasm freezes you.
You are frozen.
The hobgoblin throws a boomerang.
The boomerang barely misses you. The endoplasm freezes you.
You are frozen.
Ouch! That really hurt!
The hobgoblin throws a boomerang.
The boomerang misses you.
You are too injured to fight recklessly!
You are too injured to fight recklessly!
You are now empty-handed.
The hobgoblin throws a boomerang.
The boomerang hits you.
You die...

.... #.##...# .... #....>.#
.... ######g# ..# ##
##.######## ##.######## ..
#.........### .......#..#
#.##............
........#.#. #.#...(......#
.#.#.....##.###.#..........#
#.#......#...#.@....###...#
#.#......###.####†..#####.#
#.#.#....#................#
#.#.##...#.#.###########..
#.#⌠.....#.#.#
##.#####..#...#
..<.........#.#
##.#####..##### #.# .....#


You could see a hobgoblin.

Vanquished Creatures
  A ball python (D:1)
  A hobgoblin (D:1)
  A rat (D:1)
3 creatures vanquished.

Notes
Turn   | Place    | Note
-------+----------+-------------------------------------------
     0 | D:1      | Ivernyr the Spriggan Arcane Marksman began the quest for
                  | the Orb.
     0 | D:1      | Reached XP level 1. HP: 9/9 MP: 3/3
    65 | D:1      | Hit by a boomerang thrown by a hobgoblin

Illustrated notes

Levels and vault maps discovered:
D:1:      matt_arrival_grand_opening, layout_basic,
          hellmonk_ecumenical_altar_blasted

Action                   || total
-------------------------++-------
 Fire: Sling             ||    10
 Cast: Slow              ||     2
Dodge: Dodged            ||     5
